 Dungeon Crawl Stone Soup version 0.26-a0-778-g3fe0686644 (webtiles) character file.

Game seed: 5221569085343192373

2141 marklar909 the Ruffian (level 9, 0/67 HPs)
             Began as a Yellow Draconian Transmuter on Nov 9, 2020.
             Was a Follower of Ashenzari.
             Slain by a killer bee (3 damage)
             ... on level 7 of the Dungeon on Nov 10, 2020.
             The game lasted 00:10:58 (7635 turns).

marklar909 the Ruffian (DrTm)                       Turns: 7635, Time: 00:10:58

Health: 0/67       AC:  8    Str: 17    XL:     9   Next: 9%
Magic:  15/16      EV: 13    Int: 13    God:    Ashenzari [*.....]
Gold:   227        SH:  0    Dex: 11    Spells: 6/17 levels left

rFire    . . .     SeeInvis .     - Unarmed
rCold    . . .     Faith    .   (no shield)
rNeg     . . .     Spirit   .   (armour unavailable)
rPois    .         Reflect  .   (helmet currently unavailable)
rElec    .         Harm     .   (no cloak)
rCorr    +         Rampage  .   t - +0 pair of gloves
MR       .....                  (boots currently unavailable)
Stlth    ++........             (no amulet)
HPRegen  0.21/turn              (no ring)
MPRegen  0.15/turn              (no ring)

@: appendages
A: spit acid, unfitting armour, horns 2, talons 2, cold-blooded, acid
resistance, AC +7
a: Breathe Acid, End Transformation, Curse Item, Scrying, Renounce Religion


You were on level 7 of the Dungeon.
You worshipped Ashenzari.
Ashenzari was aware of your devotion.
You had grown temporary horns.
You had grown temporary talons.
You visited 1 branch of the dungeon, and saw 7 of its levels.

You collected 227 gold pieces.

Inventory:

Missiles
 c - 8 poisoned darts (quivered)
Armour
 f - a +0 kite shield
 t - a +0 pair of gloves (worn)
Jewellery
 l - an uncursed ring of stealth
 u - an uncursed ring of protection from cold
Wands
 r - a wand of iceblast (5)
Scrolls
 a - 3 scrolls of remove curse
 b - 3 scrolls of identify
 g - a scroll of blinking
 j - a scroll of fog {unknown}
 m - a scroll of enchant armour {unknown}
 p - a scroll of random uselessness {unknown}
 q - 2 scrolls of teleportation
Potions
 d - 2 potions of brilliance
 e - 2 potions of invisibility {unknown}
 h - a potion of curing
 i - 3 potions of haste {unknown}
 k - a potion of degeneration {unknown}
 n - a potion of cancellation {unknown}
 o - a potion of magic {unknown}
 s - a potion of lignification {unknown}


   Skills:
 + Level 2.2 Fighting
 + Level 1.2 Throwing
 + Level 3.5 Dodging
 + Level 2.4 Stealth
 * Level 4.8 Shields
 + Level 7.1 Unarmed Combat
 + Level 4.9 Spellcasting
 + Level 4.5 Transmutations
 + Level 2.1 Poison Magic
 + Level 0.3 Evocations


You had 6 spell levels left.
You knew the following spells:

 Your Spells              Type           Power        Failure   Level
a - Beastly Appendage     Tmut           ##....       3%          1
b - Wereblood             Tmut           ##......     4%          2
c - Spider Form           Tmut/Pois      ##........   14%         3
d - Blade Hands           Tmut           ##........   63%         5

Your spell library contained the following spells:

 Spells                   Type           Power        Failure   Level
 Ice Form                 Ice/Tmut       #.......     58%         4


Dungeon Overview and Level Annotations

Branches:
Dungeon (7/15)             Temple (0/1) D:4

Altars:
Ashenzari
Fedhas
Xom
Zin

Shops:
D:6 !((


Innate Abilities, Weirdness & Mutations

You can spit globs of acid.
Your golden yellow scales are hard. (AC +7)
You cannot fit into any form of body armour.
You are cold-blooded and may be slowed by cold attacks.
You are resistant to acid. (rCorr)
You have a pair of horns on your head.
You have razor-sharp toenails.


Message History

Your horns disappear.
Your talons disappear.
The killer bee misses you. The killer bee completely misses you.
You feel better. The killer bee closely misses you. x2
Casting: Wereblood (safe; 4% risk of failure)
Confirm with . or Enter, or press ? or * to list all spells.
You grow a pair of large bovine horns.
Your feet morph into talons.
The killer bee stings you but does no damage.
The killer bee stings you.
* * * LOW HITPOINT WARNING * * *
Unknown command.
You miss the killer bee. Your headbutt misses the killer bee.
The killer bee is heavily wounded.
The killer bee barely misses you. The killer bee stings you.
* * * LOW HITPOINT WARNING * * *
Unknown command.
You closely miss the killer bee.
The killer bee is heavily wounded.
Your primal bloodlust has ended.
The killer bee stings you.
You die...

######.#.#.#######
.........<.>.......
#######.###.#######
#.#...# #.#.###
#.#.# ### #.#.# ..#
#.#.#########.# ..#
#.#....@yy..... ..#
############# ..#
..# ..# ..# ..# ..#
..#


You could see 2 killer bees.

Vanquished Creatures
  Eustachio (D:4)
  Edmund (D:4)
  Menkaure (D:5)
  Purgy (D:4)
  A black bear (D:6)
  An orc warrior (D:6)
  A phantom (D:7)
  3 ogres
  2 bullfrogs (D:6)
  4 killer bees (D:7)
  3 wights (D:6)
  A howler monkey (D:6)
  4 hounds
  A jelly (D:3)
  2 worker ants (D:6)
  5 orc wizards
  8 gnolls
  8 adders
  2 shadow imps (D:5)
  A white imp (D:6)
  2 ufetubi
  2 oozes
  An adder skeleton (D:5)
  4 worms (D:3)
  4 dart slugs
  5 leopard geckos
  10 orcs
  6 bats
  4 giant cockroaches
  11 goblins
  10 hobgoblins
  5 jackals
  A quokka (D:6)
  2 ball pythons
  6 frilled lizards
  5 kobolds
  7 rats
136 creatures vanquished.

Notes
Turn   | Place    | Note
-------+----------+-------------------------------------------
     0 | D:1      | marklar909 the Draconian Transmuter began the quest for the
                  | Orb.
     0 | D:1      | Reached XP level 1. HP: 16/16 MP: 3/3
   495 | D:1      | Reached XP level 2. HP: 22/23 MP: 3/5
   898 | D:1      | Reached XP level 3. HP: 28/28 MP: 3/6
  1287 | D:2      | Reached skill level 4 in Unarmed Combat
  1287 | D:2      | Reached XP level 4. HP: 27/35 MP: 7/7
  1544 | D:2      | Learned a level 2 spell: Wereblood
  1548 | D:2      | Learned a level 3 spell: Spider Form
  2047 | D:2      | Found a snail-covered altar of Cheibriados.
  2049 | D:2      | Found a white marble altar of Elyvilon.
  2049 | D:2      | Found a shimmering altar of Xom.
  2051 | D:2      | Found a shimmering blue altar of Sif Muna.
  2051 | D:2      | Found an opulent altar of Gozag.
  2051 | D:2      | Found a burning altar of Makhleb.
  2621 | D:3      | Noticed an ogre
  2631 | D:3      | Killed an ogre
  2631 | D:3      | Reached skill level 1 in Shields
  2631 | D:3      | Reached XP level 5. HP: 39/40 MP: 7/9
  3077 | D:3      | Reached XP level 6. HP: 14/47 MP: 10/10
  3416 | D:3      | Reached skill level 1 in Throwing
  3710 | D:3      | Found a broken altar of Ashenzari.
  3989 | D:3      | Became a worshipper of Ashenzari the Shackled
  4445 | D:3      | Learned a level 5 spell: Blade Hands
  4482 | D:4      | Reached skill level 1 in Stealth
  4668 | D:4      | Found a staircase to the Ecumenical Temple.
  4721 | D:4      | Noticed Purgy
  4728 | D:4      | Killed Purgy
  4728 | D:4      | Reached skill level 5 in Unarmed Combat
  4794 | D:4      | Noticed Eustachio
  4821 | D:4      | Killed Eustachio
  4821 | D:4      | Your scales start taking on a golden yellow colour.
  4821 | D:4      | Reached XP level 7. HP: 27/53 MP: 6/12
  4821 | D:4      | Gained mutation: You are resistant to acid. (rCorr) [Yellow
                  | Draconian growth]
  5222 | D:4      | Found a glowing silver altar of Zin.
  5263 | D:4      | Noticed Edmund
  5278 | D:4      | Killed Edmund
  5509 | D:5      | Entered Level 5 of the Dungeon
  5565 | D:5      | Noticed Menkaure
  5574 | D:5      | Killed Menkaure
  5574 | D:5      | Reached XP level 8. HP: 47/61 MP: 10/14
  5744 | D:5      | Found a blossoming altar of Fedhas.
  6259 | D:6      | Found Afiafeur's Weapon Shoppe.
  6259 | D:6      | Found Kehuc's Antique Weapon Emporium.
  6273 | D:6      | Reached skill level 6 in Unarmed Combat
  6315 | D:6      | Reached skill level 1 in Poison Magic
  6392 | D:6      | Reached * piety under Ashenzari
  7010 | D:6      | Found Baimoyw's Distillery.
  7353 | D:7      | Reached skill level 7 in Unarmed Combat
  7495 | D:7      | Reached XP level 9. HP: 53/67 MP: 16/16
  7634 | D:7      | HP: 3/67 [killer bee (6)]
  7635 | D:7      | Slain by a killer bee

Illustrated notes

Levels and vault maps discovered:
D:1:      saegor_arrival_simple_e, layout_rooms, minmay_misc_feat_rows
D:2:      layout_basic, doesnt_xom_only_xom, grunt_ministairs_3
D:3:      layout_loops_ring, lemuel_coloured_pillars_altar,
          cheibrodos_sewer_entry_bend
D:4:      layout_loops_ring, overflow_temple_1_default,
          minmay_temple_entry_ruins, uniq_eustachio, uniq_edmund, uniq_purgy
D:5:      layout_basic, lemuel_round_altar, nrook_mini_vaults, uniq_menkaure
D:6:      layout_basic, serial_shops, nicolae_shop_trees,
          nicolae_shop_window_shopping, shop
D:7:      layout_basic, lemuel_round_altar, amethyst_killhole,
          trog_hazing_becter

Skill      XL: |  1  2  3  4  5  6  7  8 |
---------------+-------------------------+-----
Dodging        | 2 3 |  3.5
Unarmed Combat | 4 5 7 |  7.1
Shields        | 1 2 3 4 |  4.8
Throwing       | 1 |  1.2
Spellcasting   | 3 4 |  4.9
Stealth        | 1 2 |  2.4
Transmutations | 3 4 |  4.5
Fighting       | 2 |  2.2
Poison Magic   | 2 |  2.1
Evocations     | |  0.3

Action                   |  1- 3 |  4- 6 |  7- 9 || total
-------------------------+-------+-------+-------++-------
Melee: Unarmed           |   126 |   170 |   186 ||   482
       Tailslap          |     9 |    14 |    13 ||    36
       Headbutt          |    11 |    17 |     1 ||    29
       Kick              |    18 |    30 |     2 ||    50
       Punch             |       |     1 |       ||     1
Throw: Dart              |     3 |    12 |       ||    15
 Cast: Beastly Appendage |    13 |    35 |     2 ||    50
       Wereblood         |       |     2 |     3 ||     5
       Spider Form       |       |     1 |    21 ||    22
 Abil: Breathe Acid      |       |       |    11 ||    11
Evoke: Wand              |       |     2 |       ||     2
  Use: Scroll            |       |     2 |     1 ||     3
       Potion            |       |       |     2 ||     2
 Stab: Sleeping          |       |     1 |     4 ||     5
Armor: Skin              |    35 |    30 |    29 ||    94
Dodge: Dodged            |    81 |    79 |   153 ||   313

Table legend: (Time is in decaauts)
 A = Elapsed time spent in this place.
 B = Non-inter-level travel time spent in this place.
 C = Inter-level travel time spent in this place.
 D = Time resting spent in this place.
 E = Time spent auto-exploring this place.
 F = Levels seen in this place.
 G = Mean time per level.
                   A        B        C        D        E       F      G
               +--------+--------+--------+--------+--------+-----+--------+
         Total |   7598 |   7176 |    422 |    982 |   5117 |   7 | 1085.4 |
       Dungeon |   7598 |   7176 |    422 |    982 |   5117 |   7 | 1085.4 |
               +--------+--------+--------+--------+--------+-----+--------+

Top non-repeatable levels by time:
     D:3: 2040 daAuts
     D:2: 1285 daAuts
     D:1: 1121 daAuts
     D:6: 1044 daAuts
     D:4: 1043 daAuts
     D:5: 740 daAuts
     D:7: 321 daAuts
